 Dungeon Crawl Stone Soup version 0.27.1-33-g824d729ab1 (webtiles) character file.

Game seed: 2911855189953888979

622 sking99 the Ruffian (level 7, -3/70 HPs)
             Began as a Troll Monk on Dec 9, 2021.
             Was an Initiate of Uskayaw.
             Slain by Prince Ribbit (10 damage)
             ... on level 5 of the Dungeon.
             The game lasted 00:08:06 (3156 turns).

sking99 the Ruffian (Troll Monk)                    Turns: 3156, Time: 00:08:07

Health: -3/70      AC:  4    Str: 22    XL:     7   Next: 22%
Magic:  7/7        EV: 10    Int:  6    God:    Uskayaw [......]
Gold:   193        SH:  0    Dex: 12    Spells: 6/6 levels left

rFire    + . .     SeeInvis .     - Unarmed
rCold    . . .     Faith    .   (no shield)
rNeg     . . .     Spirit   .   a - +0 robe
rPois    .         Reflect  .   (helmet restricted)
rElec    .         Harm     .   (no cloak)
rCorr    .         Rampage  .   (gloves unavailable)
Will     .....                  (boots unavailable)
Stlth    ++........             (no amulet)
HPRegen  1.21/turn              o - ring of protection from fire
MPRegen  0.10/turn              (no ring)

@: no status effects
A: large, unfitting armour, claws 3, regeneration 1, shaggy fur 1, tough skin 1
a: Renounce Religion


You were on level 5 of the Dungeon.
You worshipped Uskayaw.
Uskayaw was noncommittal.
You visited 1 branch of the dungeon, and saw 5 of its levels.

You collected 193 gold pieces.

Inventory:

Armour
 a - a +0 robe (worn)
Jewellery
 g - a ring of fire
 o - a ring of protection from fire (left claw)
Wands
 i - a wand of acid (3)
 j - a wand of paralysis (9)
 p - a wand of iceblast (10)
Scrolls
 e - 5 scrolls of identify {unknown}
 f - a scroll of silence {unknown}
 k - a scroll of immolation {unknown}
 l - a scroll of holy word {unknown}
 m - a scroll of vulnerability {unknown}
Potions
 b - a potion of haste {unknown}
 c - a potion of attraction {unknown}
 d - a potion of cancellation {unknown}
 h - a potion of curing
 n - a potion of lignification {unknown}
 q - a potion of brilliance {unknown}
 r - 2 potions of resistance {unknown}


   Skills:
 + Level 4.0 Fighting
 + Level 3.4 Dodging
 - Level 1.0 Stealth
 * Level 6.1 Unarmed Combat
 + Level 2.4 Invocations


You had 6 spell levels left.
You didn't know any spells.
Your spell library contained the following spells:

 Spells                   Type           Power      Damage    Failure   Level
 Freeze                   Ice            0%         1d3       45%         1
 Blink                    Tloc           N/A        N/A       58%         2
 Frozen Ramparts          Ice            0%         1d2       83%         3
 Lesser Beckoning         Tloc           0%         N/A       83%         3
 Portal Projectile        Hex/Tloc       0%         N/A       83%         3
 Hailstorm                Conj/Ice       0%         3d3       99%         4
 Summon Lightning Spire   Summ/Air       0%         N/A       99%         4
 Blade Hands              Tmut           0%         N/A       100%        5
 Excruciating Wounds      Necr           0%         N/A       100%        5
 Manifold Assault         Tloc           0%         N/A       100%        5
 Storm Form               Tmut/Air       0%         N/A       100%        7
 Maxwell's Capacitive Co  Air            0%         ∞         100%        8


Dungeon Overview and Level Annotations

Branches:
Dungeon (5/15)
 Temple: D:4-7

Altars:
Cheibriados
Elyvilon
Ru
Uskayaw
Yredelemnul

Annotations:
D:5 Prince Ribbit


Innate Abilities, Weirdness & Mutations

You are too large for most types of armour.
You have claws for hands.
Your natural rate of healing is unusually fast.
You are covered in fur. (AC +1)
You have tough skin. (AC +1)


Message History

Found a whip.
You now have 193 gold pieces (gained 6).
Found a ring mail.
No target in view!
Prince Ribbit comes into view.
A gnoll comes into view. It is wielding a +0 spear.
Found 13 gold pieces.
Prince Ribbit hits you!
You barely miss Prince Ribbit. Prince Ribbit hits you!
Prince Ribbit misses you.
You closely miss Prince Ribbit.
Prince Ribbit blinks!
The gnoll shouts!
Prince Ribbit barely misses you.
Prince Ribbit catches a baby bat with his tongue.
Prince Ribbit hits you!
You are too injured to fight recklessly!
You miss Prince Ribbit. Prince Ribbit hits you!
You closely miss Prince Ribbit. Prince Ribbit closely misses you.
A gnoll shaman comes into view. It is wielding a +0 club.
You barely miss Prince Ribbit. Prince Ribbit hits you!
* * * LOW HITPOINT WARNING * * *
A gnoll comes into view. It is wielding a +0 halberd.
Prince Ribbit hits you!
* * * LOW HITPOINT WARNING * * *
The gnoll hits you from afar with a +0 spear!
* * * LOW HITPOINT WARNING * * *
Found a scroll labelled TOOVO MORETI.
Prince Ribbit hops awkwardly around.
A gnoll comes into view. It is wielding a +0 spear.
The gnoll completely misses you. Prince Ribbit barely misses you.
It was a potion of curing.
You feel better.
The gnoll shouts!
You hear a shout!
A necrophage comes into view.
Prince Ribbit barely misses you.
The gnoll hits you from afar with a +0 spear!
* * * LOW HITPOINT WARNING * * *
The gnoll shouts!
A gnoll comes into view. It is wielding a +0 spear.
Prince Ribbit hits you!
You die...

#......# #....
.#####......####.###.#..#
.......................
...n......######.###
..g.g.g...# ........g.#
..........# .......[gF#
....##+##@# .... #......#
... ......... ..
##.$...... #........
#...?.... #........
#........


You could see Prince Ribbit, a necrophage (wandering), a gnoll shaman and 4
gnolls.

Vanquished Creatures
  Eustachio (D:4)
  Edmund (D:4)
  A scorpion (D:4)
  A hound (D:4)
  A bullfrog skeleton (D:4)
  Ijyb (D:4)
  Natasha (twice) (D:3)
  5 adders
  3 gnolls (D:3)
  4 adder skeletons (D:4)
  4 worms
  4 dart slugs
  3 orcs (D:4)
  10 ball pythons
  5 bats
  7 endoplasms
  A giant cockroach (D:2)
  3 goblins
  6 hobgoblins
  2 jackals (D:1)
  6 kobolds
  2 quokkas
  2 frilled lizards
  7 rats
82 creatures vanquished.

Notes
Turn   | Place    | Note
-------+----------+-------------------------------------------
     0 | D:1      | sking99 the Troll Monk began the quest for the Orb.
     0 | D:1      | Reached XP level 1. HP: 22/22 MP: 0/0
   111 | D:1      | Reached XP level 2. HP: 29/29 MP: 1/1
   610 | D:1      | Found a faded altar of an unknown god.
   610 | D:1      | Noticed a Brimstone Fiend
   810 | D:2      | Reached skill level 4 in Unarmed Combat
   810 | D:2      | Reached XP level 3. HP: 33/36 MP: 2/2
  1116 | D:2      | Found a hide-covered altar of Uskayaw.
  1370 | D:2      | Became a worshipper of Uskayaw the Reveller
  1370 | D:2      | Reached * piety under Uskayaw
  1483 | D:2      | Reached XP level 4. HP: 45/45 MP: 3/3
  1725 | D:3      | Reached ** piety under Uskayaw
  1751 | D:3      | Found a sacrificial altar of Ru.
  1850 | D:3      | Noticed Natasha
  1893 | D:3      | Killed Natasha
  1898 | D:3      | Reached *** piety under Uskayaw
  1899 | D:3      | Reached XP level 5. HP: 20/53 MP: 4/4
  2020 | D:3      | Reached skill level 1 in Invocations
  2109 | D:3      | Noticed Natasha
  2117 | D:3      | Killed Natasha
  2118 | D:3      | Reached skill level 5 in Unarmed Combat
  2309 | D:3      | Found a snail-covered altar of Cheibriados.
  2410 | D:4      | Reached XP level 6. HP: 49/61 MP: 4/6
  2482 | D:4      | Noticed Eustachio
  2495 | D:4      | Killed Eustachio
  2763 | D:4      | Found a white marble altar of Elyvilon.
  2765 | D:4      | Noticed Ijyb
  2780 | D:4      | Killed Ijyb
  2849 | D:4      | Noticed Edmund
  2850 | D:4      | Found a basalt altar of Yredelemnul.
  2860 | D:4      | HP: 2/62 [Edmund (5)]
  2932 | D:4      | Killed Edmund
  2933 | D:4      | Reached skill level 6 in Unarmed Combat
  2933 | D:4      | Reached XP level 7. HP: 59/70 MP: 3/7
  3068 | D:5      | Entered Level 5 of the Dungeon
  3140 | D:5      | Noticed Prince Ribbit
  3152 | D:5      | HP: 1/70 [gnoll (9)]
  3156 | D:5      | Slain by Prince Ribbit

Illustrated notes

Levels and vault maps discovered:
D:1:      dpeg_arrival_rhombus, layout_basic,
          dreamdust_ecumenical_altar_sealed_demon
D:2:      layout_loops_corners, basic_altar
D:3:      layout_basic, chei_slow_surprise,
          mainiacjoe_overflow_concentric_impassable, minmay_cupped, uniq_natasha
D:4:      layout_rooms, kennysheep_ying_yang, serial_bayou_pond_b,
          minmay_quantized, uniq_eustachio, uniq_edmund, uniq_ijyb
D:5:      layout_basic, uniq_prince_ribbit1, uniq_pikel

Skill      XL: |  1  2  3  4  5  6 |
---------------+-------------------+-----
Unarmed Combat | 4 5 6 |  6.1
Fighting       | 3 4 |  4.0
Invocations    | 1 2 |  2.4
Dodging        | 3 |  3.4
Stealth        | |  1.0

Action                   |  1- 3 |  4- 6 |  7- 9 || total
-------------------------+-------+-------+-------++-------
Melee: Unarmed           |    89 |   162 |     5 ||   256
       Punch             |     1 |     2 |       ||     3
Invok: Stomp             |       |     3 |       ||     3
  Use: Potion            |       |       |     1 ||     1
 Stab: Sleeping          |     2 |     3 |       ||     5
       Paralysed         |       |     3 |       ||     3
Armor: Robe              |    26 |    34 |       ||    60
Dodge: Dodged            |    45 |    68 |     6 ||   119
